 Dungeon Crawl Stone Soup version 0.19-a0-1697-g0595f0e (webtiles) character file.

779 Amnesiac the Digger (level 8, -2/52 HPs)
             Began as a Formicid Earth Elementalist on Sept 26, 2016.
             Was a Believer of Dithmenos.
             Slain by a killer bee (8 damage)
             ... on level 5 of the Dungeon.
             The game lasted 00:07:58 (3800 turns).

Amnesiac the Digger (Formicid Earth Elementalist)   Turns: 3800, Time: 00:07:58

Health: -2/52      AC:  4    Str: 18 (19) XL:     8   Next: 10%
Magic:  1/15       EV: 12    Int: 11 (14) God:    Dithmenos [**....]
Gold:   294        SH:  0    Dex: 14 (15) Spells: 4 memorised, 5 levels left

rFire  . . .     SeeInvis +     l - +4 spear of Punishment {elec, *Drain +Blink rPois Dex+2}
rCold  . . .     Gourm    .     c - +0 robe
rNeg   . . .     Faith    .     (no shield)
rPois  +         Spirit   .     (helmet unavailable)
rElec  .         Dismiss  .     B - +0 cloak (curse)
rCorr  .         Reflect  .     (no gloves)
MR     .....     Harm     .     (no boots)
Stlth  ++++......               (no amulet)
                                A - ring of flight
                                m - ring of stealth

@: mighty, very slightly contaminated, starving, wreathed by umbra
A: permanent stasis, dig shafts and tunnels, four strong arms, antennae 3
a: Dig, Shaft Self, Shadow Step, Renounce Religion, Evoke Flight


You were on level 5 of the Dungeon.
You worshipped Dithmenos.
Dithmenos was pleased with you.
You were starving.

You visited 2 branches of the dungeon, and saw 6 of its levels.

You collected 294 gold pieces.

Inventory:

Hand Weapons
 f - a +0 dagger
 l - the +4 spear of Punishment (weapon) {elec, *Drain +Blink rPois Dex+2}
   (You found it on level 4 of the Dungeon)

   Occasionally, upon striking a foe, it will discharge some electrical energy
   and cause terrible harm.
   It affects your dexterity (+2).
   It protects you from poison.
   It lets you blink.
   It causes draining when unequipped.
Missiles
 b - 104 stones (quivered)
Armour
 c - a +0 robe (worn)
 B - a cursed +0 cloak (worn)
Jewellery
 m - a ring of stealth (left hand)
 A - a ring of flight (right hand)
Scrolls
 h - a scroll of amnesia {unknown}
 k - a scroll of identify {unknown}
 o - a scroll of magic mapping {unknown}
 p - a scroll of enchant weapon {unknown}
 r - 2 scrolls of teleportation
 s - a scroll of blinking {unknown}
 t - 2 scrolls of recharging {unknown}
 w - 2 scrolls of immolation {unknown}
 y - a scroll of remove curse {unknown}
 z - a scroll of enchant armour {unknown}
Potions
 n - a potion of heal wounds {unknown}
 u - a potion of flight {unknown}
 x - a potion of haste
 C - a potion of brilliance {unknown}
Books
 e - a book of Geomancy

   Spells                             Type                      Level
   a - Sandblast                      Earth                        1
   b - Passwall                       Transmutation/Earth          2
   c - Stone Arrow                    Conjuration/Earth            3
   d - Petrify                        Transmutation/Earth          4
   e - Lee's Rapid Deconstruction     Earth                        5
Comestibles
 d - 5 bread rations
 q - 2 meat rations
 D - a beef jerky


   Skills:
 + Level 3.6 Short Blades
 - Level 1.7 Dodging
 - Level 2.4 Stealth
 - Level 5.0 Spellcasting
 - Level 2.5 Transmutations
 - Level 7.5 Earth Magic


You had 5 spell levels left.
You knew the following spells:

 Your Spells              Type           Power        Failure   Level  Hunger
a - Lee's Rapid Deconstr  Erth           ###.......   30%         5    ######.
e - Petrify               Tmut/Erth      ##......     30%         4    ####...
f - Sandblast             Erth           ###...       1%          1    None
v - Passwall              Tmut/Erth      ##........   4%          2    ##.....


Dungeon Overview and Level Annotations

Branches:
Dungeon (5/15)             Temple (1/1) D:5

Altars:
Ashenzari
Cheibriados
Dithmenos
Elyvilon
Fedhas
Gozag
Hepliaklqana
Kikubaaqudgha
Makhleb
Nemelex Xobeh
Okawaru
Ru
Trog
Vehumet
Xom
Yredelemnul
The Shining One

Shops:
D:4 }   D:5 [

Annotations:
D:4 Sigmund; st0uf's ghost, amateur DsFi


Innate Abilities, Weirdness & Mutations

You are under a permanent stasis effect.
You can dig through walls and to a lower floor.
Your four strong arms can wield two-handed weapons with a shield.
You have a pair of large antennae on your head. (SInv)


Message History

* * * LOW HITPOINT WARNING * * *
The killer bee stings you!
* * * LOW HITPOINT WARNING * * *
Unknown command.
You feel better. The killer bee barely misses you. The killer bee misses you.
As you read the scroll labeled TATEOR JESIYK, it crumbles to dust.
You feel a strange sense of stasis.
It was a scroll of teleportation.
The killer bee stings you!
* * * LOW HITPOINT WARNING * * *
The killer bee stings you.
* * * LOW HITPOINT WARNING * * *
You feel better. The killer bee closely misses you. The killer bee stings you.
* * * LOW HITPOINT WARNING * * *
It was a potion of haste.
Your stasis keeps you stable.
The killer bee closely misses you. The killer bee misses you.
It was a potion of degeneration.
There was something very wrong with that liquid.
You feel weakened.
You feel dopey.
You feel clumsy. The killer bee stings you!
You die...

..........#..##.....#
....................#
........#.##.##.....#
.#####.†####.##.....# {
#..<.......##### .
###.####.###.## ...
#.....#.## ##.##
.....####.###..#######.#
.....oyy@.# #..........#
...#.####.###...##.##..#
#.....#.##.##.###
##.####..#....... #.#
#(#...#.### ..#
#.#####.# .### #.......#
#. ######### #


You could see 2 killer bees and an orc.

Vanquished Creatures
  An ice beast (D:5)
  An ogre (D:5)
  A water moccasin skeleton (D:4)
  2 killer bees (D:5)
  A howler monkey (D:4)
  A crimson imp (D:5)
  A hound (D:3)
  An orc priest (D:3)
  2 orc wizards (D:3)
  2 bullfrog skeletons
  An iguana (D:4)
  A worker ant (D:4)
  3 gnolls (D:4)
  4 adders
  3 river rats
  3 worms (D:2)
  2 dart slugs (D:2)
  4 leopard geckos
  9 orcs (D:3)
  6 bats
  4 giant cockroaches
  7 goblins
  8 hobgoblins
  A ball python (D:1)
  2 frilled lizards
  6 kobolds
  11 rats
88 creatures vanquished.

Notes
Turn   | Place    | Note
-------+----------+-------------------------------------------
     0 | D:1      | Amnesiac the Formicid Earth Elementalist began the quest for the Orb.
     0 | D:1      | Reached XP level 1. HP: 13/13 MP: 3/3
   184 | D:2      | Reached skill level 4 in Earth Magic
   184 | D:2      | Reached XP level 2. HP: 6/19 MP: 0/5
   435 | D:3      | Learned a level 2 spell: Passwall
   546 | D:3      | Found a radiant altar of Vehumet.
   618 | D:4      | Noticed a howler monkey
   622 | D:4      | Killed a howler monkey
   622 | D:4      | Reached skill level 5 in Earth Magic
   622 | D:4      | Reached XP level 3. HP: 24/24 MP: 3/6
   622 | D:4      | Reached XP level 4. HP: 30/30 MP: 3/7
   631 | D:4      | Got a slimy spear
   632 | D:4      | Identified the +4 spear of Punishment {elec, *Drain +Blink rPois Dex+2} (You found it on level 4 of the Dungeon)
   700 | D:4      | Learned a level 4 spell: Petrify
   715 | D:4      | Reached skill level 6 in Earth Magic
   749 | D:4      | Reached XP level 5. HP: 27/35 MP: 8/8
   792 | D:4      | Noticed Sigmund
   828 | D:3      | Reached skill level 7 in Earth Magic
  1016 | D:4      | Found Utoir's Gadget Shop.
  1049 | D:4      | Noticed st0uf's ghost (amateur DsFi)
  1340 | D:4      | Reached XP level 6. HP: 41/41 MP: 9/9
  1350 | D:4      | You fall through a shaft!
  1350 | D:5      | Entered Level 5 of the Dungeon
  1367 | D:5      | Found Otteecsi's Armour Emporium.
  1419 | D:5      | Noticed an ice beast
  1419 | D:5      | Noticed an ogre
  1437 | D:5      | Killed an ogre
  1455 | D:5      | Killed an ice beast
  1455 | D:5      | Reached XP level 7. HP: 28/46 MP: 2/14
  1578 | D:5      | Found a staircase to the Ecumenical Temple.
  1606 | Temple   | Entered the Ecumenical Temple
  1611 | Temple   | Became a worshipper of Dithmenos the Shadowed
  2655 | D:2      | Reached skill level 5 in Spellcasting
  2691 | D:2      | Reached * piety under Dithmenos
  3082 | D:3      | Found an ancient bone altar of Kikubaaqudgha.
  3237 | D:3      | Reached ** piety under Dithmenos
  3244 | D:3      | Reached skill level 1 in Short Blades
  3549 | D:3      | Learned a level 5 spell: Lee's Rapid Deconstruction
  3784 | D:5      | Reached XP level 8. HP: 39/52 MP: 4/15
  3800 | D:5      | Slain by a killer bee

Vault maps used:
D:1:      dpeg_arrival_stonehenge_8_columns
D:2:      kennysheep_big_empty_room, st_stairs_6, small_statue_intersection
D:3:      kiku_gazebo_garden_becter, marbit_many_paths,
          minmay_misc_feat_nine_boxes
D:4:      portal_sewer_entry_b, serial_shops, shop, uniq_sigmund
D:5:      first_bread, serial_shops, nicolae_shop_stone
Temple:   minmay_freezing_vapour_temple

Skill      XL: |  1  2  3  4  5  6  7 |
---------------+----------------------+-----
Earth Magic    | 4 5 6 7 |  7.5
Spellcasting   | 4 5 |  5.0
Transmutations | 2 |  2.5
Short Blades   | 3 |  3.6
Dodging        | |  1.7
Stealth        | |  2.4

Action                   |  1- 3 |  4- 6 |  7- 9 || total
-------------------------+-------+-------+-------++-------
Melee: Unarmed           |     5 |       |       ||     5
       Dagger            |     1 |       |       ||     1
       Spear             |       |    69 |   166 ||   235
 Cast: Sandblast         |    14 |     1 |       ||    15
       Petrify           |       |     3 |     1 ||     4
       Lee's Rapid Decon |       |       |     2 ||     2
  Use: Potion            |       |       |     6 ||     6
       Scroll            |       |       |     2 ||     2
 Stab: Petrified         |       |    20 |       ||    20
       Petrifying        |       |     1 |     1 ||     2
       Sleeping          |       |       |     9 ||     9
       Distracted        |       |       |     1 ||     1
  Eat: Chunk             |       |     1 |     8 ||     9
Armor: Robe              |     3 |     5 |    26 ||    34
Dodge: Dodged            |     6 |    34 |    72 ||   112
